 Dungeon Crawl Stone Soup version 0.21.1-1-g345015fe64 (webtiles) character file.

7330 Greboboi the Grappler (level 10, -7/94 HPs)
             Began as a Troll Berserker on June 13, 2018.
             Was an Elder of Trog.
             Mangled by a yak (13 damage)
             ... on level 9 of the Dungeon.
             The game lasted 00:32:43 (7973 turns).

Greboboi the Grappler (Troll Berserker)             Turns: 7973, Time: 00:32:45

Health: -7/94      AC:  6    Str: 27    XL:     10   Next: 90%
Magic:  9/9        EV: 13    Int:  3    God:    Trog [****..]
Gold:   507        SH:  0    Dex: 12    Spells: 9/9 levels left

rFire    + . .     SeeInvis +     - Unarmed
rCold    + . .     Gourm    +   (no shield)
rNeg     . . .     Faith    .   r - +1 robe {rC+ rF+}
rPois    +         Spirit   .   (helmet restricted)
rElec    .         Reflect  .   (no cloak)
rCorr    .         Harm     .   (gloves unavailable)
MR       .....                  (boots unavailable)
Stlth    +.........             h - amulet of regeneration
HPRegen  1.05/turn              B - ring of poison resistance
MPRegen  0.11/turn              H - ring of see invisible

@: lethally poisoned (-7 -> -8), berserk cooldown, slowed, very slow
A: large, unfitting armour, claws 3, fast metabolism 3, gourmand, regeneration
1, shaggy fur 1, tough skin 2
a: Berserk, Trog's Hand, Brothers in Arms, Burn Spellbooks, Renounce Religion


You were on level 9 of the Dungeon.
You worshipped Trog.
Trog was greatly pleased with you.
You were very full.

You visited 2 branches of the dungeon, and saw 10 of its levels.
You also visited: Sewer.

You collected 507 gold pieces.

Inventory:

Hand Weapons
 E - a +2 short sword of draining
Missiles
 m - 7 javelins (quivered)
Armour
 a - a +0 animal skin
 n - a +0 large shield
 r - a +1 robe of resistance (worn)
Jewellery
 h - an amulet of regeneration (around neck)
 B - a ring of poison resistance (left claw)
 H - a ring of see invisible (right claw)
Wands
 s - a wand of flame (78)
 v - a wand of digging (22)
 C - a wand of iceblast (14)
 D - a wand of random effects (26)
 J - a wand of paralysis (15)
Scrolls
 e - 5 scrolls of enchant armour {unknown}
 g - 3 scrolls of teleportation {unknown}
 j - 5 scrolls of identify
 k - a scroll of random uselessness {unknown}
 l - 2 scrolls of fear {unknown}
 o - a scroll of immolation {unknown}
 q - 2 scrolls of remove curse {unknown}
 x - a scroll of blinking {unknown}
 y - 4 scrolls of amnesia {unknown}
 F - 4 scrolls of enchant weapon {unknown}
Potions
 c - 4 potions of brilliance {unknown}
 d - 4 potions of degeneration {unknown}
 f - 3 potions of ambrosia {unknown}
 i - 6 potions of agility
 p - a potion of lignification {unknown}
 t - 3 potions of heal wounds {unknown}
 u - 5 potions of curing {unknown}
 w - 2 potions of might {unknown}
 z - 3 potions of flight {unknown}
 A - a potion of mutation {unknown}
 G - a potion of magic {unknown}
Comestibles
 b - 18 rations


   Skills:
 + Level 4.7 Fighting
 * Level 7.3 Dodging
 - Level 0.3 Stealth
 * Level 13.6 Unarmed Combat
 + Level 0.3 Evocations


You had 9 spell levels left.
You didn't know any spells.

Dungeon Overview and Level Annotations

Branches:
Dungeon (9/15)             Temple (1/1) D:5
   Lair: D:8-11         Orc: D:9-12

Altars:
Ashenzari
Cheibriados
Dithmenos
Elyvilon
Fedhas
Gozag
Hepliaklqana
Kikubaaqudgha
Makhleb
Nemelex Xobeh
Okawaru
Qazlal
Ru
Trog
Uskayaw
Vehumet
Wu Jian
Xom
Yredelemnul
Zin
The Shining One


Innate Abilities, Weirdness & Mutations

You are too large for most types of armour.
You have claws for hands.
Your metabolism is lightning-fast.
You like to eat raw meat.
Your natural rate of healing is unusually fast.
You are covered in fur. (AC +1)
You have very tough skin. (AC +2)


Message History

* * * LOW HITPOINT WARNING * * *
You are poisoned.
The scorpion poisons you! The worker ant bites you.
* * * LOW HITPOINT WARNING * * *
You feel sick.
The scorpion stings you but does no damage.
The worker ant bites you but does no damage.
The yak gores you but does no damage. The scorpion completely misses you.
The worker ant barely misses you.
You feel sick.
The yak barely misses you. x2; The yak misses you.
You feel sick. The worker ant barely misses you. The scorpion misses you.
The worker ant bites you but does no damage.
The scorpion closely misses you. The yak gores you but does no damage.
You feel sick. The yak gores you.
* * * LOW HITPOINT WARNING * * *
The yak gores you!
* * * LOW HITPOINT WARNING * * *
The worker ant bites you but does no damage.
The yak closely misses you. The yak gores you!
You die...

###....# .......#
.......##############
....................#
...................#
...................#
...............oY..#
####...........YY..#
# #..........oa@..# #
#.######....s...# #
#.#....#....Y...# .#
#.'....#........# .#
#.#....#........#
.###.##'###........#
...................#
.......##########..#
.......# #..#


You could see 4 yaks, a scorpion, a worker ant and 2 orcs.

Vanquished Creatures
  Erica (D:8)
  2 dancing weapons (D:7)
  A two-headed ogre (D:8)
  The ghost of exaltech the Cleaver, a novice DDFi of Makhleb (D:8)
  A hippogriff (D:7)
  A yak (D:9)
  4 hogs (D:7)
  A human (D:7)
  A hungry ghost (D:7)
  A porcupine (D:9)
  A black bear (D:9)
  An ice beast (D:8)
  2 sky beasts
  The ghost of Bapho the Shooter, an amateur CeHu (D:3)
  4 ogres
  A phantom (D:7)
  A necrophage (D:6)
  2 centaurs (D:7)
  4 big kobolds
  3 bullfrogs
  Blork the orc (D:4)
  A gnoll sergeant (D:7)
  2 scorpions
  2 howler monkeys
  4 crimson imps
  3 centaur skeletons
  4 hounds
  5 orc priests (D:6)
  6 orc wizards
  A bullfrog skeleton (D:4)
  3 iguanas
  6 worker ants
  2 hound zombies
  4 gnolls (D:7)
  6 adders
  4 shadow imps
  2 oozes (Sewer)
  An adder zombie (D:5)
  A dart slug (D:1)
  6 worms
  8 leopard geckos
  32 orcs
  A giant cockroach (Sewer)
  8 goblins (D:3)
  13 hobgoblins
  7 jackals
  A quokka (D:7)
  2 ball pythons
  7 bats
  6 frilled lizards
  2 giant cockroach zombies
  A jackal skeleton (D:9)
  24 kobolds
  A leopard gecko skeleton (D:4)
  12 rats
  A fungus (D:9)
  4 plants
228 creatures vanquished.

Vanquished Creatures (collateral kills)
  A kobold (D:8)
1 creature vanquished.

Vanquished Creatures (others)
  4 fungi (D:9)
  A plant (D:9)
5 creatures vanquished.

Grand Total: 234 creatures vanquished

Notes
Turn   | Place    | Note
-------+----------+-------------------------------------------
     0 | D:1      | Greboboi the Troll Berserker began the quest for the Orb.
     0 | D:1      | Reached XP level 1. HP: 22/22 MP: 0/0
   191 | D:1      | Reached XP level 2. HP: 26/29 MP: 1/1
   463 | D:1      | Reached ** piety under Trog
   499 | D:1      | Reached XP level 3. HP: 35/36 MP: 2/2
   977 | D:2      | HP: 1/36 [adder (2)]
  1210 | D:2      | Reached skill level 4 in Unarmed Combat
  1210 | D:2      | Reached XP level 4. HP: 39/44 MP: 3/3
  1597 | D:3      | Found a hazy altar of Hepliaklqana.
  1618 | D:3      | Noticed Bapho's ghost (amateur CeHu)
  1630 | D:3      | Killed Bapho's ghost
  1630 | D:3      | Reached XP level 5. HP: 29/53 MP: 4/4
  1907 | D:3      | Reached skill level 5 in Unarmed Combat
  2061 | D:3      | Noticed an ogre
  2072 | D:3      | Killed an ogre
  2072 | D:3      | Reached XP level 6. HP: 61/61 MP: 5/5
  2195 | D:3      | Found an opulent altar of Gozag.
  2734 | D:4      | Reached skill level 6 in Unarmed Combat
  2745 | D:4      | Noticed Blork the orc
  2758 | D:4      | Killed Blork the orc
  2758 | D:4      | Reached XP level 7. HP: 67/67 MP: 6/6
  2824 | D:4      | Found a shattered altar of Ashenzari.
  3038 | D:4      | Reached *** piety under Trog
  3311 | D:4      | Reached skill level 7 in Unarmed Combat
  3490 | D:4      | Found a burning altar of Makhleb.
  3493 | D:4      | Found a shimmering altar of Xom.
  3553 | D:5      | Entered Level 5 of the Dungeon
  4032 | D:5      | Found a staircase to the Ecumenical Temple.
  4119 | D:5      | Found a glowing drain.
  4159 | Sewer    | Entered a sewer
  4236 | Sewer    | Reached XP level 8. HP: 55/75 MP: 7/7
  4243 | Sewer    | Reached skill level 8 in Unarmed Combat
  4460 | Sewer    | Reached skill level 5 in Dodging
  4692 | D:5      | Found an ornate altar of the Wu Jian Council.
  5172 | Temple   | Entered the Ecumenical Temple
  5384 | D:6      | Found a white marble altar of Elyvilon.
  5452 | D:6      | Found a basalt altar of Yredelemnul.
  5540 | D:6      | Reached **** piety under Trog
  5540 | D:6      | Reached skill level 9 in Unarmed Combat
  6187 | D:7      | Reached XP level 9. HP: 84/84 MP: 8/8
  6190 | D:7      | Reached skill level 10 in Unarmed Combat
  6264 | D:7      | Noticed a dagger
  6264 | D:7      | Noticed a dagger
  6267 | D:7      | Found a hide-covered altar of Uskayaw.
  6321 | D:7      | Killed a dagger
  6321 | D:7      | Reached skill level 11 in Unarmed Combat
  6323 | D:7      | Killed a dagger
  6323 | D:7      | Reached skill level 12 in Unarmed Combat
  6323 | D:7      | Reached XP level 10. HP: 70/94 MP: 9/9
  6999 | D:8      | Found a glowing golden altar of the Shining One.
  7210 | D:8      | Noticed Erica
  7230 | D:8      | Killed Erica
  7261 | D:8      | Noticed exaltech's ghost (novice DDFi)
  7271 | D:8      | Killed exaltech's ghost
  7271 | D:8      | Reached skill level 13 in Unarmed Combat
  7342 | D:8      | Found a blossoming altar of Fedhas.
  7475 | D:8      | Noticed a two-headed ogre
  7484 | D:8      | Killed a two-headed ogre
  7830 | D:9      | Found an ancient bone altar of Kikubaaqudgha.
  7973 | D:9      | Mangled by a yak

Skill      XL: |  1  2  3  4  5  6  7  8  9 10 |
---------------+-------------------------------+-----
Dodging        | 3 4 5 6 7 |  7.3
Unarmed Combat | 4 5 6 7 9 12 13 | 13.6
Fighting       | 3 4 |  4.7
Stealth        | |  0.3
Evocations     | |  0.3

Action                   |  1- 3 |  4- 6 |  7- 9 | 10-12 || total
-------------------------+-------+-------+-------+-------++-------
Melee: Unarmed           |   105 |   126 |   282 |   134 ||   647
       Punch             |     1 |     4 |     7 |    10 ||    22
Invok: Berserk           |     1 |     3 |     5 |     5 ||    14
       Trog's Hand       |     1 |     3 |     4 |     5 ||    13
       Brothers in Arms  |       |       |       |     1 ||     1
Evoke: Wand              |       |       |     1 |     1 ||     2
  Use: Scroll            |       |     1 |     1 |     2 ||     4
 Stab: Sleeping          |     1 |     1 |       |     1 ||     3
  Eat: Chunk             |    18 |    15 |    33 |    28 ||    94
       Ration            |       |       |     3 |       ||     3
Armor: Animal skin       |    70 |    73 |       |       ||   143
       Robe              |       |       |    85 |    26 ||   111
Dodge: Dodged            |   106 |    86 |   153 |    82 ||   427
